 Dungeon Crawl Stone Soup version 0.25.0-33-gff14898491 (webtiles) character file.

Game seed: 6733610745019532991

19926 AvylaarBelgium the Thaumaturge (level 12, -4/59 HPs)
             Began as a Deep Elf Earth Elementalist on July 7, 2020.
             Was an Elder of Vehumet.
             Slain by a fire elemental (5 damage)
             ... led by Azrael
             ... on level 12 of the Dungeon.
             The game lasted 01:03:33 (16407 turns).

AvylaarBelgium the Thaumaturge (DEEE)              Turns: 16407, Time: 01:03:41

Health: -4/59      AC:  8    Str:  5    XL:     12   Next: 40%
Magic:  14/31      EV: 15    Int: 41    God:    Vehumet [****..]
Gold:   1459       SH:  0    Dex: 10    Spells: 12/37 levels left

rFire    + . .     SeeInvis .   y - staff of energy
rCold    + . .     Gourm    .   (no shield)
rNeg     + . .     Faith    .   V - +1 robe {rC+ rF+}
rPois    +         Spirit   .   H - +1 helmet
rElec    +         Reflect  .   G - +0 cloak of Filth {rPois rN+ Int+9 Dex-5}
rCorr    +         Harm     .   Y - +0 pair of gloves
MR       +....                  e - +0 pair of boots
Stlth    ++........             R - amulet of regeneration
HPRegen  0.59/turn              D - ring "Tebb" {rElec MR+ Int+6}
MPRegen  0.22/turn              O - ring of resist corrosion

@: vulnerable, studying Bows
A: no striking features
a: Renounce Religion


You were on level 12 of the Dungeon.
You worshipped Vehumet.
Vehumet was greatly pleased with you.
You were not hungry.

You visited 3 branches of the dungeon, and saw 16 of its levels.
You also visited: Ossuary.

You collected 1459 gold pieces.

Inventory:

Hand Weapons
 J - a +5 dagger of chaos
 N - a +8 battleaxe
Missiles
 f - 38 poisoned darts
 l - a throwing net
 q - 95 stones (quivered)
Armour
 e - a +0 pair of boots (worn)
 g - a +0 kite shield
 G - the +0 cloak of Filth (worn) {rPois rN+ Int+9 Dex-5}
   (You found it on level 6 of the Dungeon)

   It affects your intelligence (+9).
   It affects your dexterity (-5).
   It protects you from poison.
   It protects you from negative energy.
 H - a +1 helmet (worn)
 I - a +3 leather armour of poison resistance
 U - a +2 cloak of stealth
 V - a +1 robe of resistance (worn)
 Y - a +0 pair of gloves (worn)
Magical Staves
 y - an uncursed staff of energy (weapon)
Jewellery
 a - an uncursed ring of teleportation
 b - an uncursed ring of poison resistance
 D - the ring "Tebb" (left hand) {rElec MR+ Int+6}
   (You found it on level 5 of the Dungeon)

   [ring of intelligence]

   It affects your intelligence (+6).
   It insulates you from electricity.
   It affects your resistance to hostile enchantments.
 O - a ring of resist corrosion (right hand)
 R - an amulet of regeneration (around neck)
Wands
 k - a wand of acid (6)
 C - a wand of paralysis (7)
 M - a wand of digging (3)
 S - a wand of polymorph (9)
Scrolls
 c - 2 scrolls of random uselessness {unknown}
 h - a scroll of fog
 n - a scroll of enchant weapon
 o - 4 scrolls of remove curse
 v - 2 scrolls of enchant armour {unknown}
 B - a scroll of immolation
 E - a scroll of noise
 K - 4 scrolls of teleportation {unknown}
 Q - a scroll of fear
 X - a scroll of magic mapping
 Z - a scroll of amnesia
Potions
 i - a potion of lignification
 j - 2 potions of mutation
 m - 2 potions of brilliance
 p - 3 potions of magic
 s - 3 potions of degeneration {unknown}
 t - 2 potions of heal wounds {unknown}
 u - 4 potions of curing {unknown}
 w - 2 potions of haste {unknown}
 A - 2 potions of invisibility {unknown}
 F - 2 potions of ambrosia {unknown}
 L - 2 potions of might
 P - a potion of cancellation {unknown}
 T - a potion of resistance {unknown}
Books
 z - a manual of Bows
Miscellaneous
 W - a phial of floods
Comestibles
 d - 22 rations


   Skills:
 - Level 2.5 Armour
 - Level 7.0 Dodging
 - Level 2.4 Stealth
 - Level 2.0 Shields
 + Level 13.0 Spellcasting
 + Level 11.9 Conjurations
   Level 1.1 Transmutations
 * Level 8.6 Fire Magic
 + Level 11.3 Earth Magic


You had 12 spell levels left.
You knew the following spells:

 Your Spells              Type           Power        Failure   Level  Hunger
a - Sandblast             Erth           ######       0%          1    None
b - Lee's Rapid Deconstr  Erth           #######...   1%          5    None
c - Stone Arrow           Conj/Erth      ######       1%          3    None
d - Freeze                Ice            ####         1%          1    None
e - Conjure Flame         Conj/Fire      #######.     1%          3    None
f - Bolt of Magma         Conj/Fire/Erth #######...   1%          5    None
o - Orb of Destruction    Conj           #######...   2%          7    None

Your spell library contained the following spells:

 Spells                   Type           Power        Failure   Level  Hunger
 Animate Skeleton         Necr           N/A          1%          1    None
 Apportation              Tloc           ####..       1%          1    None
 Corona                   Hex            ####...      1%          1    None
 Summon Small Mammal      Summ           ####         1%          1    None
 Ensorcelled Hibernation  Hex/Ice        ####..       1%          2    None
 Passwall                 Tmut/Erth      ######..     1%          2    None
 Dazzling Flash           Conj/Hex       ######       1%          3    None
 Frozen Ramparts          Ice            ####..       1%          3    None
 Hailstorm                Conj/Ice       ######..     1%          4    None
 Petrify                  Tmut/Erth      ######..     1%          4    None
 Confusing Touch          Hex            ####....     3%          3    None
 Ozocubu's Armour         Chrm/Ice       ####....     3%          3    None
 Tukima's Dance           Hex            ####....     3%          3    None
 Summon Ice Beast         Ice/Summ       ####....     12%         4    None


Dungeon Overview and Level Annotations

Branches:
Dungeon (12/15)            Temple (1/1) D:6            Lair (3/6) D:11
 Shoals (0/4) Lair:2      Ossuary (visited)
  Snake: Lair:2-4    Spider: Lair:2-4       Orc: D:9-12

Altars:
Ashenzari
Cheibriados
Dithmenos
Elyvilon
Fedhas
Gozag
Hepliaklqana
Kikubaaqudgha
Makhleb
Nemelex Xobeh
Okawaru
Qazlal
Ru
Sif Muna
Trog
Uskayaw
Vehumet
Wu Jian
Xom
Yredelemnul
Zin
The Shining One

Shops:
D:4 *   D:5 *   D:10 %

Annotations:
D:2 Sigmund
D:5 Edmund
D:11 1 transporter
D:12 Azrael
Lair:1 exclusion: 2 oklob plants


Message History

The hell hound stops to sniff the ground.
The hell hound completely misses you.
The fire elemental completely misses you.
The hell hound bites you.
* * * LOW HITPOINT WARNING * * *
The hell hound completely misses you.
Unknown command.
The hell hound breathes flames at you.
The blast of flame hits the fire elemental.
The fire elemental completely resists.
The blast of flame hits you. You resist.
* * * LOW HITPOINT WARNING * * *
Unknown command.
Okay, then.
As you read the scroll of fear, it crumbles to dust.
You assume a fearsome visage.
Azrael is unaffected.
The hell hound is unaffected.
The fire elemental is unaffected.
The fire elemental hits you. The fire elemental burns you! You resist.
* * * LOW HITPOINT WARNING * * *
The fire elemental hits you. The fire elemental burns you! You resist.
You die...

#.## .... #..# #.○##
#.#≈.≈ ##########..#
##.○##≈≈..≈.≈.#
#............
#..#.≈≈♣≈≈≈♣.#
#.########.##
#.≈≈≈.....≈≈.# #.#
#)# #....≈.≈.≈.≈.#
#.# #.#
#.≈o≈≈.#♣≈≈≈# #.#
#.#
##.≈≈≈≈.≈≈.R######.#
#.#
#≈.○#≈§○§☼hE@.)...#
#.#
#..°#≈≈§§§§########
#.# ##≈..☼§§§§## #.#
###..§§§## #######


You could see Azrael (vulnerable), a fire elemental and a hell hound (catching
breath, vulnerable).

Vanquished Creatures
  2 hydras (Lair:2)
  Pikel (D:5)
  An oklob plant (Lair:1)
  A deep elf mage (D:11)
  A manticore (Lair:2)
  Psyche (D:8)
  Joseph (D:8)
  Maurice (D:8)
  A gargoyle (D:12)
  A rime drake (Lair:1)
  3 spiny frogs (Lair:2)
  A kobold demonologist (D:11)
  2 komodo dragons (Lair:2)
  2 trolls
  6 hippogriffs
  A shadow (D:12)
  2 basilisks
  7 yaks
  A wyvern (D:10)
  3 fire elementals (D:12)
  3 hungry ghosts
  4 vampire mosquitoes (D:11)
  Menkaure (D:6)
  3 water moccasins
  Duvessa (D:6)
  2 hell hounds (D:12)
  5 porcupines
  6 orc warriors
  A sky beast (D:10)
  5 ice beasts
  4 slaves (D:5)
  2 eyes of draining (D:11)
  3 black bears
  6 phantoms
  4 ogres
  9 wolves (Lair:2)
  4 centaurs
  4 crocodiles
  Blork the orc (D:5)
  2 big kobolds
  An elf zombie (Ossuary)
  12 bullfrogs
  Dowan (D:6)
  6 scorpions
  2 killer bees (D:10)
  5 wights
  4 howler monkeys
  2 electric eels (Lair:1)
  2 crimson imps (D:9)
  2 centaur zombies
  7 orc priests
  3 centaur skeletons
  7 hounds
  A jelly (D:7)
  2 bullfrog skeletons
  13 orc wizards
  5 worker ants
  5 iguanas
  A killer bee zombie (D:8)
  3 big kobold zombies (Ossuary)
  A hound skeleton (D:5)
  2 mummies (Ossuary)
  A worker ant zombie (D:11)
  9 gnolls
  A howler monkey skeleton (D:6)
  14 adders
  2 shadow imps
  An ooze (D:2)
  3 adder skeletons
  2 dart slugs
  4 worms
  5 leopard geckos
  42 orcs
  9 giant cockroaches
  3 gnoll zombies (Ossuary)
  8 hobgoblins
  7 jackals
  15 kobolds
  2 quokkas
  A ball python (D:1)
  2 bats
  7 frilled lizards
  15 goblins
  3 goblin zombies (Ossuary)
  3 hobgoblin zombies
  A leopard gecko skeleton (D:8)
  2 orc zombies (Ossuary)
  10 rats
  A butterfly (Lair:2)
  A fungus (D:11)
  4 plants
374 creatures vanquished.

Vanquished Creatures (others)
  An orc (D:12)
  12 fungi (D:11)
  2 plants
15 creatures vanquished.

Grand Total: 389 creatures vanquished

Notes
Turn   | Place    | Note
-------+----------+-------------------------------------------
     0 | D:1      | AvylaarBelgium the Deep Elf Earth Elementalist began the
                  | quest for the Orb.
     0 | D:1      | Reached XP level 1. HP: 10/10 MP: 6/6
    39 | D:1      | Reached XP level 2. HP: 9/15 MP: 0/8
   409 | D:1      | Reached skill level 4 in Spellcasting
   457 | D:1      | Reached XP level 3. HP: 15/19 MP: 7/10
  1248 | D:2      | Reached XP level 4. HP: 24/24 MP: 6/12
  1351 | D:2      | Noticed Sigmund
  1644 | D:2      | Learned a level 3 spell: Stone Arrow
  1865 | D:2      | Reached skill level 5 in Spellcasting
  2175 | D:2      | Reached skill level 1 in Conjurations
  2241 | D:2      | Reached XP level 5. HP: 26/28 MP: 10/14
  3113 | D:3      | Reached skill level 5 in Earth Magic
  3797 | D:3      | Reached XP level 6. HP: 30/32 MP: 11/16
  4487 | D:4      | Reached skill level 6 in Spellcasting
  4814 | D:4      | Found a sparkling altar of Nemelex Xobeh.
  4833 | D:4      | Reached XP level 7. HP: 36/36 MP: 11/18
  4876 | D:4      | Found a bloodstained altar of Trog.
  4935 | D:4      | Found Sakiojak's Assorted Antiques.
  5220 | D:5      | Entered Level 5 of the Dungeon
  5427 | D:5      | Reached skill level 5 in Conjurations
  5721 | D:5      | Noticed Blork the orc
  5722 | D:5      | Reached skill level 7 in Spellcasting
  5743 | D:5      | Killed Blork the orc
  5933 | D:5      | Noticed Pikel
  6109 | D:5      | Reached XP level 8. HP: 41/41 MP: 13/21
  6159 | D:5      | Killed Pikel
  6159 | D:5      | Reached skill level 8 in Spellcasting
  6342 | D:5      | Found Yhuneic's General Store.
  6434 | D:5      | Got a steaming glass ring
  6435 | D:5      | Identified the ring "Tebb" {rElec MR+ Int+6} (You found it
                  | on level 5 of the Dungeon)
  6811 | D:6      | Noticed Edmund
  7163 | D:6      | Found a burning altar of Makhleb.
  7480 | D:6      | Noticed Dowan
  7490 | D:6      | Got a faintly humming cloak
  7496 | D:6      | Identified the +0 cloak of Filth {rPois rN+ Int+9 Dex-5}
                  | (You found it on level 6 of the Dungeon)
  7501 | D:6      | Found a staircase to the Ecumenical Temple.
  7516 | D:6      | Noticed Menkaure
  7542 | D:6      | Killed Menkaure
  7542 | D:6      | Reached XP level 9. HP: 45/45 MP: 5/23
  7555 | Temple   | Entered the Ecumenical Temple
  7565 | Temple   | Became a worshipper of Vehumet
  7633 | D:6      | Noticed Duvessa
  7640 | D:6      | Killed Duvessa
  7643 | D:6      | Killed Dowan
  7643 | D:6      | Reached skill level 9 in Spellcasting
  7836 | D:6      | Learned a level 5 spell: Lee's Rapid Deconstruction
  8089 | D:7      | Reached skill level 1 in Armour
  8214 | D:7      | Found a shattered altar of Ashenzari.
  8239 | D:7      | Found a sand-covered staircase.
  8252 | Ossuary  | Entered an ossuary
  8332 | Ossuary  | Reached * piety under Vehumet
  8332 | Ossuary  | Offered knowledge of Magic Dart by Vehumet.
  9422 | D:8      | Noticed Maurice
  9548 | D:8      | Noticed Joseph
  9554 | D:8      | Killed Joseph
  9818 | D:8      | Noticed Psyche
  9824 | D:8      | Killed Psyche
  9824 | D:8      | Reached skill level 10 in Spellcasting
  9824 | D:8      | Reached XP level 10. HP: 36/50 MP: 12/26
  9904 | D:8      | Found a hide-covered altar of Uskayaw.
  9904 | D:8      | Found a glowing silver altar of Zin.
  9904 | D:8      | Found a snail-covered altar of Cheibriados.
  9954 | D:8      | Reached skill level 5 in Dodging
 10031 | D:8      | Found a glowing silver altar of Zin.
 10359 | D:8      | Killed Maurice
 10706 | D:9      | Offered knowledge of Freeze by Vehumet.
 10709 | D:9      | Learned a level 1 spell: Freeze
 10715 | D:9      | Reached ** piety under Vehumet
 10910 | D:9      | Found a hazy altar of Hepliaklqana.
 10914 | D:9      | Reached skill level 10 in Conjurations
 11466 | D:9      | Reached skill level 11 in Spellcasting
 12030 | D:10     | Entered Level 10 of the Dungeon
 12076 | D:10     | Found Margheraxt's Food Shoppe.
 12121 | D:10     | Offered knowledge of Conjure Flame by Vehumet.
 12126 | D:10     | Learned a level 3 spell: Conjure Flame
 12223 | D:10     | Reached skill level 1 in Fire Magic
 12229 | D:10     | Reached skill level 10 in Earth Magic
 12260 | D:10     | Reached XP level 11. HP: 54/54 MP: 4/28
 12270 | D:10     | Reached *** piety under Vehumet
 13217 | D:11     | Found a staircase to the Lair.
 13221 | D:11     | Offered knowledge of Sticky Flame by Vehumet.
 13758 | D:11     | Noticed a deep elf mage
 13767 | D:11     | Reached **** piety under Vehumet
 13797 | D:11     | Reached skill level 5 in Fire Magic
 13799 | D:11     | Offered knowledge of Bolt of Magma by Vehumet.
 13799 | D:11     | Reached skill level 12 in Spellcasting
 13825 | D:11     | Found a transporter.
 13853 | D:11     | Reached skill level 1 in Shields
 13885 | D:11     | Killed a deep elf mage
 13973 | Lair:1   | Entered Level 1 of the Lair of Beasts
 14066 | Lair:1   | Learned a level 5 spell: Bolt of Magma
 14752 | Lair:1   | Noticed an oklob plant
 14752 | Lair:1   | Noticed an oklob plant
 14757 | Lair:1   | Noticed an oklob plant
 14762 | Lair:1   | Killed an oklob plant
 15290 | Lair:2   | Noticed a four-headed hydra
 15293 | Lair:2   | Killed a four-headed hydra
 15293 | Lair:2   | Reached XP level 12. HP: 13/59 MP: 20/30
 15470 | Lair:2   | Found a staircase to the Shoals.
 15655 | Lair:2   | Noticed a seven-headed hydra
 15659 | Lair:2   | Killed a seven-headed hydra
 15659 | Lair:2   | Reached ***** piety under Vehumet
 15659 | Lair:2   | Offered knowledge of Orb of Destruction by Vehumet.
 15668 | Lair:2   | Learned a level 7 spell: Orb of Destruction
 16333 | D:12     | Reached skill level 13 in Spellcasting
 16383 | D:12     | Noticed Azrael
 16407 | D:12     | HP: 1/59 [fire elemental[Azrael] (4)]
 16407 | D:12     | Slain by a fire elemental

Illustrated notes

Levels and vault maps discovered:
D:1:      roderic_chinese_lattice_arrival, layout_basic, kennysheep_another_room
D:2:      layout_basic, first_ration, uniq_sigmund
D:3:      layout_basic, minivault_14
D:4:      layout_rooms, nicolae_overflow_crystal_walls,
          nemelex_xobeh_ov_fountains_minmay, serial_shops, kennysheep_mini_moat,
          kennysheep_dice
D:5:      layout_layer_cave, serial_shops, shop, serial_rivers,
          chequers_serial_rivers_micro_e, chequers_serial_rivers_large_a,
          chequers_serial_rivers_micro_b, chequers_serial_rivers_small_3,
          chequers_serial_rivers_micro_d, chequers_serial_rivers_room_a,
          minmay_manual_mail, uniq_blork_the_orc, uniq_pikel
D:6:      layout_rooms, minmay_temple_entry_mini_moons, basic_altar,
          uniq_duvessa, uniq_menkaure, uniq_crazy_yiuf_cottage, uniq_edmund
D:7:      layout_basic, ashenzari_conservatory_becter, enter_ossuary_3
D:8:      layout_basic, gammafunk_temple_overflow_forgotten, basic_altar,
          uniq_maurice, uniq_joseph, uniq_psyche
D:9:      layout_basic, overflow_temple_1_default
D:10:     minmay_polygon_palace, layout_long_grid, serial_shops, shop
D:11:     gammafunk_wand_slinger, layout_basic, due_lair_maze_entry_diamond,
          grunt_pizzeria
D:12:     layout_basic, basic_altar, serial_rivers,
          chequers_serial_rivers_small_3, chequers_serial_rivers_micro_c,
          chequers_serial_rivers_micro_b, chequers_serial_rivers_marsh,
          chequers_serial_rivers_micro_a, st_stairs_8,
          chequers_serial_rivers_marsh, chequers_serial_rivers_large_b,
          disabler_island, uniq_azrael, uniq_nergalle
Temple:   nicolae_temple_no_exploring_needed
Lair:1:   layout_roguey, serial_bayou_shore_a, grunt_megastairs_5,
          serial_bayou_shore_b, serial_bayou_shore_b, lemuel_fruit_tree,
          minmay_lair_oklob_chamber
Lair:2:   layout_regular_city, minmay_shoals_entry_beasts, lemuel_fruit_fields
Lair:3:   layout_regular_city, nicolae_spider_entry_non_spiders

Skill      XL: |  1  2  3  4  5  6  7  8  9 10 11 12 |
---------------+-------------------------------------+-----
Spellcasting   | 4 5 6 7 8 10 11 12 13 | 13.0
Earth Magic    | 4 5 6 7 8 10 11 | 11.3
Conjurations   | 1 2 4 6 8 9 10 11 | 11.9
Armour         | 2 |  2.5
Dodging        | 4 7 |  7.0
Fire Magic     | 2 7 8 |  8.6
Shields        | 2 |  2.0
Stealth        | |  2.4
Transmutations | |  1.1

Action                   |  1- 3 |  4- 6 |  7- 9 | 10-12 || total
-------------------------+-------+-------+-------+-------++-------
Melee: Whip              |    22 |    46 |       |       ||    68
       Spear             |     1 |       |       |       ||     1
       Quarterstaff      |       |     4 |       |       ||     4
       Staff             |       |       |    10 |    12 ||    22
 Cast: Sandblast         |    34 |    65 |    83 |   103 ||   285
       Stone Arrow       |       |    42 |    96 |    70 ||   208
       Lee's Rapid Decon |       |       |     9 |    89 ||    98
       Bolt of Magma     |       |       |       |    11 ||    11
       Conjure Flame     |       |       |       |     1 ||     1
       Orb of Destructio |       |       |       |     4 ||     4
Evoke: Staff of energy   |       |       |     4 |    17 ||    21
       Wand              |       |       |       |     3 ||     3
  Use: Scroll            |       |       |       |    17 ||    17
 Stab: Sleeping          |     2 |     1 |       |       ||     3
  Eat: Chunk             |     1 |    12 |    12 |    19 ||    44
       Ration            |       |       |     1 |     1 ||     2
Armor: Robe              |     5 |    17 |    21 |    11 ||    54
       Leather armour    |       |       |     3 |    23 ||    26
Dodge: Dodged            |    26 |    54 |    64 |    60 ||   204
Block: Kite shield       |       |       |       |     2 ||     2
